 Dungeon Crawl Stone Soup version 0.27-a0-887-gcab673c142 (webtiles) character file.

Game seed: 2223948681258872935

184 Alarkh the Insei (level 5, 41/41 HPs)
             Began as a Demonspawn Gladiator on Apr 4, 2021.
             Got out of the dungeon alive.
             The game lasted 00:01:35 (2274 turns).

Alarkh the Insei (Demonspawn Gladiator)             Turns: 2274, Time: 00:01:36

Health: 41/41      AC:  5    Str: 14    XL:     5   Next: 36%
Magic:  5/5        EV: 12    Int: 11    God:
Gold:   126        SH:  0    Dex: 14    Spells: 4/4 levels left

rFire    . . .     SeeInvis .     - Unarmed
rCold    . . .     Faith    .   (no shield)
rNeg     . . .     Spirit   .   a - +0 leather armour
rPois    .         Reflect  .   b - +0 helmet
rElec    .         Harm     .   m - +0 cloak
rCorr    .         Rampage  .   (no gloves)
Will     .....                  (no boots)
Stlth    +.........             (no amulet)
HPRegen  0.13/turn              i - +4 ring of slaying
MPRegen  0.09/turn              (no ring)

@: no status effects
A: claws 1, demonic guardian 1, spiny 1, sturdy frame 1
a: no special abilities


You escaped.
You visited 1 branch of the dungeon, and saw 3 of its levels.

You collected 126 gold pieces.

Inventory:

Missiles
 c - 3 throwing nets (quivered)
Armour
 a - a +0 leather armour (worn)
 b - a +0 helmet (worn)
 m - a +0 cloak (worn)
Jewellery
 i - a +4 ring of slaying (left claw)
Wands
 o - a wand of flame (20)
Scrolls
 d - 3 scrolls of identify {unknown}
 g - 2 scrolls of teleportation {unknown}
 h - a scroll of torment {unknown}
 k - a scroll of vulnerability {unknown}
 n - 2 scrolls of enchant armour {unknown}
Potions
 e - 2 potions of attraction {unknown}
 f - 2 potions of curing {unknown}
 j - a potion of invisibility {unknown}
 l - a potion of brilliance {unknown}


   Skills:
 + Level 3.5 Fighting
 - Level 1.7 Throwing
 - Level 2.6 Dodging
 * Level 4.8 Unarmed Combat


You had 4 spell levels left.
You didn't know any spells.
Your spell library was empty.

Dungeon Overview and Level Annotations

Branches:
Dungeon (3/15)

Altars:


Innate Abilities, Weirdness & Mutations

You have sharp fingernails.
A weak demonic guardian rushes to your aid.
You are partially covered in sharp spines.
Your movements are slightly less encumbered by armour. (ER -2)


Message History

You scratch Natasha.
Natasha is moderately wounded.
You barely miss Natasha.
Natasha is moderately wounded.
Natasha claws you.
You claw Natasha!
You kill Natasha!
Natasha screams in pain as she dies!
No target in view!
No target in view!
No target in view!
No target in view!
No target in view!
No target in view!
No target in view!
No target in view!
No target in view!
No target in view!
No target in view!
No target in view!
(D) Dungeon
Where to? (Enter - D:1, ? - help)
Things that are here:
a +0 dagger; a +0 leather armour
Items here: )) [ ÷.
Found an escape hatch in the ceiling.
There is a stone staircase leading up here.
You climb upwards.
There is a stone staircase leading down here.
Things that are here:
a stone; a +0 dagger
There is a stone staircase leading up here.
You climb upwards.
There is a stone staircase leading down here.
You open the door.
There is an open door here.
HP restored.
There is a staircase leading out of the dungeon here.
Are you sure you want to leave the Dungeon?
This will make you lose the game!
You have escaped!

...#.#.#...............####.###.#
####.#[.....####'####............
#......#.####PP#.#PP##......###.#
#.##.###.###P..#.#≈≈P##########.#
#........##PPP.#.#≈≈≈P###.......#
#....###.#P.P..#.#≈≈≈≈P##.......#
#....###.#P....#.#≈≈≈≈P##.......#
#.....##.#######.#######.......##
#.....##.+.)....@......'.##+#...#
#........#######.##########.#...#
#.....#..#P≈≈≈≈#.#....P####.#...#
#.....#..#P≈≈≈≈#.#...PP#........#
#.....#..##P≈≈≈#.#.P.P##.##......
......#..###P≈≈#.#.PP##....#....#
##.......# ##PP#.#PP##...#.#.....
##.......# ####+#####...#.####.#
.........# ###.(.....###......#


There were no monsters in sight!

Vanquished Creatures
  An orc priest (D:3)
  Natasha (twice) (D:3)
  Ijyb (D:3)
  An adder (D:2)
  2 worms (D:2)
  5 orcs (D:3)
  7 ball pythons
  7 endoplasms
  4 giant cockroaches
  4 hobgoblins
  9 jackals
  2 bats (D:2)
  2 frilled lizards (D:1)
  4 goblins
  6 kobolds
  3 rats
60 creatures vanquished.

Notes
Turn   | Place    | Note
-------+----------+-------------------------------------------
     0 | D:1      | Alarkh the Demonspawn Gladiator began the quest for the
                  | Orb.
     0 | D:1      | Reached XP level 1. HP: 16/16 MP: 1/1
   289 | D:1      | Reached skill level 3 in Unarmed Combat
   375 | D:1      | Gained mutation: You are partially covered in sharp spines.
                  | [demonic ancestry]
   375 | D:1      | Reached XP level 2. HP: 20/22 MP: 2/2
   922 | D:2      | Gained mutation: You have sharp fingernails. [demonic
                  | ancestry]
   922 | D:2      | Reached XP level 3. HP: 16/28 MP: 3/3
  1072 | D:2      | Found a faded altar of an unknown god.
  1945 | D:3      | Reached skill level 4 in Unarmed Combat
  1945 | D:3      | Gained mutation: Your movements are slightly less
                  | encumbered by armour. (ER -2) [demonic ancestry]
  1945 | D:3      | Reached XP level 4. HP: 35/35 MP: 4/4
  2044 | D:3      | Noticed Natasha
  2049 | D:3      | Killed Natasha
  2098 | D:3      | Noticed Ijyb
  2112 | D:3      | Killed Ijyb
  2113 | D:3      | Gained mutation: A weak demonic guardian rushes to your
                  | aid. [demonic ancestry]
  2113 | D:3      | Reached XP level 5. HP: 22/41 MP: 5/5
  2212 | D:3      | Noticed Natasha
  2217 | D:3      | Killed Natasha
  2274 | D:$      | Got out of the dungeon alive.

Illustrated notes

Levels and vault maps discovered:
D:1:      psy_arrival_terrarium, layout_basic
D:2:      layout_basic, basic_ecumenical_altar, nrook_campfire,
          kennysheep_generic_room_10
D:3:      layout_basic, nicolae_overflow_hidden_temple, fountainhead,
          uniq_natasha, uniq_ijyb

Skill      XL: |  1  2  3 |
---------------+----------+-----
Unarmed Combat | 3 4 |  4.8
Fighting       | 3 |  3.5
Throwing       | |  1.7
Dodging        | |  2.6

Action                   |  1- 3 |  4- 6 || total
-------------------------+-------+-------++-------
Melee: Unarmed           |    94 |    40 ||   134
       Punch             |       |     1 ||     1
Armor: Leather armour    |    17 |     6 ||    23
Dodge: Dodged            |    38 |    36 ||    74

Table legend: (Time is in decaauts)
 A = Elapsed time spent in this place.
 B = Non-inter-level travel time spent in this place.
 C = Inter-level travel time spent in this place.
 D = Time resting spent in this place.
 E = Time spent auto-exploring this place.
 F = Levels seen in this place.
 G = Mean time per level.
                   A        B        C        D        E       F      G
               +--------+--------+--------+--------+--------+-----+--------+
         Total |   2265 |   2107 |    158 |     92 |   1732 |   3 |  755.0 |
       Dungeon |   2265 |   2107 |    158 |     92 |   1732 |   3 |  755.0 |
               +--------+--------+--------+--------+--------+-----+--------+

Top non-repeatable levels by time:
     D:2: 1031 daAuts
     D:1: 904 daAuts
     D:3: 329 daAuts
